 Dungeon Crawl Stone Soup version 0.17-a0-1435-geafbe2f (webtiles) character file.

7273 wotan the Grappler (level 11, 0/94 HPs)
             Began as a Ghoul Monk on June 24, 2015.
             Was an Elder of Makhleb.
             Slain by a black mamba (2 damage)
             ... on level 1 of the Lair of Beasts on June 26, 2015.
             The game lasted 00:49:08 (10873 turns).

wotan the Grappler (Ghoul Monk)                    Turns: 10873, Time: 00:49:09

Health: 0/94       AC: 14    Str: 16    XL:     11   Next: 12%
Magic:  16/16      EV:  2    Int: 10    God:    Makhleb [****..]
Gold:   591        SH:  0    Dex: 13    Spells: 0 memorised, 10 levels left

rFire  . . .     SeeInvis .       - Unarmed
rCold  + . .     Clarity  .     j - +0 ring mail of the Harvest Moon {rN+ Int+4 Stlth+}
rNeg   + + +     SustAt   .     (no shield)
rPois  ∞         Gourm    .     (no helmet)
rElec  .         Spirit   .     h - +2 cloak
rCorr  .         Warding  .     (no gloves)
rMut   .         Stasis   .     F - +1 pair of boots
MR     .....                    i - amulet of inaccuracy (curse)
Stlth  ++........               u - +3 ring of protection
                                O - ring of invisibility

@: petrified, rotting, not resistant to hostile enchantments, unstealthy
A: rotting body, claws 1, carnivore 3, cold resistance 1, negative energy
resistance 3, slow healing 1, torment resistance, unbreathing
a: Minor Destruction, Lesser Servant of Makhleb, Major Destruction, Renounce
Religion, Evoke Invisibility


You were on level 1 of the Lair of Beasts.
You worshipped Makhleb.
Makhleb was greatly pleased with you.
You were not hungry.

You visited 2 branches of the dungeon, and saw 11 of its levels.
You also visited: Sewer.

You collected 591 gold pieces.

Inventory:

Missiles
 g - 3 poisoned javelins (quivered)
Armour
 h - a +2 cloak (worn)
 j - the +0 ring mail of the Harvest Moon (worn) {rN+ Int+4 Stlth+}
   (You found it on level 5 of the Dungeon)

   It affects your intelligence (+4).
   It protects you from negative energy.
   It makes you more stealthy.
 q - a +0 scale mail
 F - a +1 pair of boots (worn)
 M - a +1 ring mail
Jewellery
 e - an uncursed ring of wizardry
 i - a cursed amulet of inaccuracy (around neck)
 u - a +3 ring of protection (right claw)
 J - an uncursed ring of flight
 O - a ring of invisibility (left claw)
Magical devices
 t - a wand of lightning (2)
 w - a wand of magic darts (23)
 y - a wand of draining (5)
 C - a wand of enslavement (12)
 G - a wand of paralysis (14)
 I - a wand of paralysis (8)
 N - a wand of enslavement (3)
Scrolls
 d - 3 scrolls of fog
 l - 4 scrolls of amnesia
 s - a scroll of blinking
 A - a scroll of teleportation
 H - a scroll of enchant weapon
 K - a scroll of silence
 L - a scroll of summoning
Potions
 a - 2 potions of curing
 c - 2 potions of brilliance
 f - 2 potions of agility
 k - a potion of might
 p - a potion of heal wounds {unknown}
 v - a potion of resistance {unknown}
 x - a potion of mutation {unknown}
 z - 2 potions of invisibility
 B - a potion of haste
 D - a potion of cure mutation {unknown}
 P - a potion of berserk rage {unknown}
Books
 n - a book of Changes

   Spells                             Type                      Level
   a - Beastly Appendage              Transmutation                1
   b - Sticks to Snakes               Transmutation                2
   c - Spider Form                    Transmutation/Poison         3
   d - Ice Form                       Ice/Transmutation            4
   e - Blade Hands                    Transmutation                5
 o - a book of Frost

   Spells                             Type                      Level
   a - Freeze                         Ice                          1
   b - Throw Frost                    Conjuration/Ice              2
   c - Ozocubu's Armour               Charms/Ice                   3
   d - Throw Icicle                   Conjuration/Ice              4
   e - Summon Ice Beast               Ice/Summoning                4
   f - Condensation Shield            Ice                          4
Comestibles
 b - 5 meat rations
 m - 4 beef jerkies
 r - a royal jelly
 E - a slice of pizza


   Skills:
 - Level 8.0 Fighting
 - Level 6.0 Armour
 - Level 4.7 Dodging
 - Level 2.1 Stealth
 - Level 11.8 Unarmed Combat
 - Level 9.1 Invocations
 + Level 0.8 Evocations


You had 10 spell levels left.
You didn't know any spells.

Dungeon Overview and Level Annotations

Branches:
Dungeon (10/15)            Temple (0/1) D:6            Lair (1/8) D:10
    Orc: D:9-12

Altars:
Ashenzari
Dithmenos
Gozag
Makhleb
Qazlal
Ru
Sif Muna
Trog
Vehumet
Xom
Yredelemnul
The Shining One

Annotations:
D:9 herpmino's ghost, experienced OpFi


Innate Abilities, Weirdness & Mutations

Your body is rotting away.
You thrive on raw meat.
You are immune to poison.
You have sharp fingernails.
You are carnivorous and can eat meat at any time.
Your flesh is cold resistant.
You are immune to negative energy.
You heal slowly when monsters are visible.
You are immune to unholy pain and torment.
You can survive without breathing.


Message History

The black mamba bites you.
Your orange demon stings the black mamba.
Your orange demon hits the black mamba.
The basilisk bites you but does no damage.
The black mamba bites you.
* * * LOW HITPOINT WARNING * * *
Your orange demon stings the black mamba.
Your orange demon hits the black mamba but does no damage.
The black mamba bites you.
* * * LOW HITPOINT WARNING * * *
The basilisk bites you but does no damage.
Your orange demon disappears in a puff of smoke!
The black mamba bites you.
* * * LOW HITPOINT WARNING * * *
The basilisk hisses menacingly.
The basilisk gazes at you. The black mamba bites you.
* * * LOW HITPOINT WARNING * * *
The black mamba bites you.
You die...

##....# #........# ###.....#
##.......## #.......##
#P......## .........# ###
##......## .........# ##.##
##....#.##
.........###...########.....#
..........##.....##.........#
...........l.................
.......#...S@................
.....####.#........>.........
.... ###......<...........
... #.^..........##....# ..
##............###### .
#............##
#........####.# #####..###
### ####


You could see a black mamba and a basilisk.

Vanquished Creatures
  The ghost of asdu the Reanimator, an experienced DDNe of Makhleb (D:8)
  Pikel (D:5)
  A hill giant (D:10)
  An elephant (D:9)
  The ghost of Hanyuu the Insei, an experienced OpTm (D:5)
  Grinder (D:3)
  3 blink frogs
  Prince Ribbit (D:5)
  2 hungry ghosts
  Eustachio (D:4)
  Menkaure (D:6)
  A porcupine (Lair:1)
  3 water moccasins
  A slave (D:4)
  A necrophage (D:9)
  6 ogres
  An ice beast (D:10)
  7 centaurs
  3 giant frogs
  Blork the orc (D:6)
  A gnoll sergeant (D:5)
  6 killer bees (D:7)
  5 wights (D:8)
  3 crimson imps
  3 giant frog zombies
  4 hounds
  3 jellies
  Crazy Yiuf (D:3)
  3 orc wizards
  2 iguanas
  A killer bee zombie (D:10)
  7 worker ants
  A sheep (D:10)
  A worker ant zombie (D:6)
  4 gnolls (D:8)
  9 adders
  7 oozes
  An adder skeleton (D:6)
  2 worms
  11 giant geckos
  17 orcs
  10 bats
  A bat skeleton (D:4)
  A bat zombie (D:5)
  12 giant cockroaches
  13 goblins
  13 hobgoblins
  19 jackals
  3 quokkas
  13 ball pythons
  15 giant newts
  15 kobolds
  10 rats
  A spectral orc (D:5)
256 creatures vanquished.

Vanquished Creatures (collateral kills)
  The ghost of herpmino the Covert, an experienced OpFi of Ru (D:10)
  A hill giant (D:10)
  Psyche (D:10)
  A slave (D:5)
  A crocodile (D:10)
  A shadow imp (D:10)
  A bat (D:10)
  A rat (D:10)
8 creatures vanquished.

Grand Total: 264 creatures vanquished

Notes
Turn   | Place    | Note
--------------------------------------------------------------
     0 | D:1      | wotan the Ghoul Monk began the quest for the Orb.
     0 | D:1      | Reached XP level 1. HP: 19/19 MP: 0/0
    46 | D:1      | Upgraded the game from 0.17-a0-1421-g95311d7 to 0.17-a0-1435-geafbe2f
   173 | D:1      | Reached XP level 2. HP: 24/24 MP: 1/1
   455 | D:1      | Reached skill level 5 in Unarmed Combat
  1015 | D:2      | Found a stormy altar of Qazlal.
  1025 | D:2      | Reached XP level 3. HP: 22/31 MP: 2/2
  1215 | D:2      | Reached XP level 4. HP: 34/37 MP: 3/3
  1252 | D:2      | Reached skill level 6 in Unarmed Combat
  1488 | D:3      | Noticed Grinder
  1508 | D:2      | Reached skill level 1 in Armour
  1544 | D:3      | Noticed Crazy Yiuf
  1550 | D:3      | Killed Crazy Yiuf
  1632 | D:3      | Found a radiant altar of Vehumet.
  1634 | D:3      | Found a deep blue altar of Sif Muna.
  1725 | D:3      | Reached XP level 5. HP: 41/44 MP: 4/4
  1734 | D:3      | Found a glowing drain.
  1769 | Sewer    | Entered a sewer
  2165 | Sewer    | Reached XP level 6. HP: 45/51 MP: 5/5
  2269 | D:3      | Paralysed by Grinder for 6 turns
  2451 | D:3      | Paralysed by Grinder for 5 turns
  2462 | D:3      | Killed Grinder
  2462 | D:3      | Reached skill level 5 in Armour
  2462 | D:3      | Reached XP level 7. HP: 56/56 MP: 6/6
  2945 | D:4      | You fall through a shaft for 2 floors!
  2954 | D:6      | Noticed Blork the orc
  2966 | D:6      | Killed Blork the orc
  3008 | D:6      | Noticed Menkaure
  3048 | D:6      | Killed Menkaure
  3048 | D:6      | Reached skill level 5 in Fighting
  3048 | D:6      | Reached XP level 8. HP: 41/69 MP: 7/7
  3160 | D:5      | Entered Level 5 of the Dungeon
  3215 | D:5      | Identified a scroll of acquirement
  3269 | D:5      | Noticed Pikel
  3272 | D:4      | Noticed Eustachio
  3304 | D:4      | Killed Eustachio
  3304 | D:4      | Reached skill level 7 in Fighting
  3619 | D:4      | Reached skill level 8 in Fighting
  3728 | D:4      | Found an opulent altar of Gozag.
  3746 | D:4      | Found a shattered altar of Ashenzari.
  3966 | D:5      | Noticed Prince Ribbit
  4077 | D:5      | Got a faintly glowing ring mail
  4088 | D:5      | Identified the +0 ring mail of the Harvest Moon {rN+ Int+4 Stlth+} (You found it on level 5 of the Dungeon)
  4244 | D:5      | Found a burning altar of Makhleb.
  4262 | D:5      | Became a worshipper of Makhleb the Destroyer
  4262 | D:5      | Acquired Makhleb's first power
  4262 | D:5      | Acquired Makhleb's second power
  4342 | D:5      | Noticed Hanyuu's ghost (experienced OpTm)
  4554 | D:6      | Reached skill level 1 in Invocations
  4645 | D:6      | Found a glowing golden altar of the Shining One.
  4696 | D:6      | Reached XP level 9. HP: 52/81 MP: 8/10
  4770 | D:6      | Found a sacrificial altar of Ru.
  4895 | D:6      | Found a staircase to the Ecumenical Temple.
  5342 | D:6      | Reached skill level 5 in Invocations
  5502 | D:5      | Found an opulent altar of Gozag.
  5577 | D:5      | Found a bloodstained altar of Trog.
  5644 | D:5      | Killed Prince Ribbit
  6727 | D:8      | Noticed asdu's ghost (experienced DDNe)
  6741 | D:8      | Found a shadowy altar of Dithmenos.
  6855 | D:8      | Killed asdu's ghost
  6855 | D:8      | Reached skill level 9 in Invocations
  6964 | D:8      | Reached XP level 10. HP: 48/83 MP: 15/15
  7025 | D:8      | Acquired Makhleb's third power
  7749 | D:5      | Killed Hanyuu's ghost
  7827 | D:5      | Killed Pikel
  7957 | D:5      | Found a basalt altar of Yredelemnul.
  8283 | D:8      | Paralysed by a kobold for 7 turns
  8984 | D:9      | Reached skill level 10 in Unarmed Combat
  8993 | D:9      | Noticed herpmino's ghost (experienced OpFi)
  9232 | D:9      | Acquired Makhleb's fourth power
  9287 | D:9      | Noticed a hill giant
  9316 | D:10     | Entered Level 10 of the Dungeon
  9316 | D:10     | Noticed Psyche
  9340 | D:10     | Killed Psyche
  9416 | D:10     | Killed herpmino's ghost
  9502 | D:10     | Found a staircase to the Lair.
  9502 | D:10     | Noticed an elephant
  9503 | D:10     | Noticed a hill giant
  9541 | D:9      | Killed an elephant
  9541 | D:9      | Reached skill level 11 in Unarmed Combat
  9801 | D:9      | Found a burning altar of Makhleb.
  9802 | D:9      | Found a shimmering altar of Xom.
 10009 | D:10     | Noticed a hill giant
 10016 | D:10     | Killed a hill giant
 10186 | D:10     | Killed a hill giant
 10429 | D:10     | Reached XP level 11. HP: 87/93 MP: 16/16
 10671 | Lair:1   | Entered Level 1 of the Lair of Beasts
 10872 | Lair:1   | HP: 3/94 [black mamba (2)]
 10873 | Lair:1   | Slain by a black mamba

Vault maps used:
D:1:      dpeg_arrival_round_b
D:2:      lemuel_coloured_pillars_altar
D:3:      nicolae_overflow_hidden_temple, gup_sewer_entry_pipe, uniq_grinder,
          uniq_crazy_yiuf_cottage
D:4:      kennysheep_six_static_rooms, cheibrodos_ashenzari_chains,
          grunt_gozag_statues, uniq_eustachio
D:5:      yredelemnul_forgotten_temple_becter, overflow_temple_1_default,
          lemuel_doored_altar, first_bread, makhleb_heckhound_becter,
          uniq_prince_ribbit1, uniq_pikel
D:6:      nicolae_overflow_crystal_walls, lemuel_round_altar,
          minmay_temple_entry_enclosed_plants, uniq_menkaure, uniq_blork_the_orc
D:8:      basic_altar
D:9:      grunt_temple_overflow_champion_of_chaos
D:10:     david_lair_generic, uniq_psyche
Sewer:    sewer_frog_island_02

Action                   |  1- 3 |  4- 6 |  7- 9 | 10-12 || total
-------------------------+-------+-------+-------+-------++-------
Melee: Unarmed           |    87 |   307 |   592 |   336 ||  1322
Throw: Javelin           |       |     2 |       |       ||     2
Invok: Lesser Servant of |       |       |       |     9 ||     9
Evoke: Wand              |       |       |     1 |     1 ||     2
  Use: Scroll            |       |     8 |     9 |     5 ||    22
       Potion            |       |       |     4 |     1 ||     5
 Stab: Sleeping          |     2 |       |     4 |     2 ||     8
       Distracted        |       |       |       |     1 ||     1
  Eat: Chunk             |     4 |    15 |    24 |    22 ||    65
       Meat ration       |       |       |       |     1 ||     1
